 Dungeon Crawl Stone Soup version 0.27.0-1-g7a089689b8 (webtiles) character file.

Game seed: 6581557249703208143

5467 Gwenloh the Thrower (level 10, 0/111 HPs)
             Began as an Ogre Hunter on Aug 8, 2021.
             Was an Elder of Zin.
             Slain by Urug (24 damage)
             ... on level 10 of the Dungeon on Aug 9, 2021.
             The game lasted 00:52:36 (9958 turns).

Gwenloh the Thrower (Ogre Hunter)                   Turns: 9958, Time: 00:52:37

Health: 0/111      AC:  7    Str: 13    XL:     10   Next: 69%
Magic:  13/13      EV: 10    Int: 12    God:    Zin [****..]
Gold:   481        SH:  5    Dex: 12    Spells: 9/9 levels left

rFire    . . .     SeeInvis .   D - +2 giant spiked club (venom)
rCold    . . .     Faith    .   (shield currently unavailable)
rNeg     . . .     Spirit   .   b - +1 robe
rPois    .         Reflect  +   (helmet restricted)
rElec    +         Harm     .   J - +2 cloak
rCorr    +         Rampage  .   (gloves unavailable)
Will     +....                  (boots unavailable)
Stlth    ++........             g - amulet of reflection
HPRegen  0.28/turn              A - ring of Iczileef {Wiz Contam +Blink rElec Str-5 Stlth+}
MPRegen  0.13/turn              f - ring of resist corrosion

@: no status effects
A: large, unfitting armour, tough skin 1
a: Renounce Religion, Evoke Blink, Recite, Vitalisation, Imprison, Donate Gold


You were on level 10 of the Dungeon.
You worshipped Zin.
Zin was greatly pleased with you.
You visited 2 branches of the dungeon, and saw 11 of its levels.

You collected 534 gold pieces.
You donated 53 gold pieces to Zin.

Inventory:

Hand Weapons
 D - a +2 giant spiked club of venom (weapon)
Missiles
 i - 154 stones (quivered)
 w - 13 poisoned darts
 y - 3 atropa-tipped darts
 M - a curare-tipped dart
Armour
 b - a +1 robe (worn)
 J - a +2 cloak (worn)
Jewellery
 f - a ring of resist corrosion (right hand)
 g - an amulet of reflection (around neck)
 m - a +4 ring of slaying
 A - the ring of Iczileef (left hand) {Wiz Contam +Blink rElec Str-5 Stlth+}
   (You found it on level 5 of the Dungeon)

   [ring of wizardry]

   It improves your spell success rate.
   Str:       It affects your strength (-5).
   rElec:     It insulates you from electricity.
   +Blink:    It lets you blink.
   Contam:    It causes magical contamination when unequipped.
   Stlth:     It makes you more stealthy.
Wands
 x - a wand of digging (4)
 L - a wand of iceblast (16)
Scrolls
 a - a scroll of fog {unknown}
 h - 2 scrolls of silence {unknown}
 n - 2 scrolls of fear
 o - a scroll of acquirement {unknown}
 p - a scroll of brand weapon
 s - 2 scrolls of teleportation
 z - a scroll of blinking
 E - 2 scrolls of magic mapping
 K - a scroll of summoning {unknown}
 N - 2 scrolls of noise {unknown}
Potions
 e - 2 potions of degeneration {unknown}
 j - 3 potions of flight {unknown}
 k - a potion of attraction {unknown}
 l - 2 potions of might {unknown}
 q - a potion of invisibility {unknown}
 r - 6 potions of brilliance
 t - 3 potions of heal wounds {unknown}
 u - a potion of resistance {unknown}
 F - a potion of haste {unknown}
 G - 2 potions of curing {unknown}


   Skills:
 + Level 10.3 Fighting
 * Level 7.1 Maces & Flails
 * Level 10.7 Throwing
 - Level 1.7 Dodging
 - Level 0.6 Stealth
 + Level 4.8 Invocations


You had 9 spell levels left.
You didn't know any spells.
Your spell library contained the following spells:

 Spells                   Type           Power      Damage    Failure   Level
 Freeze                   Ice            0%         1d3       13%         1
 Magic Dart               Conj           0%         1d3       13%         1
 Searing Ray              Conj           0%         3d3       21%         2
 Conjure Flame            Conj/Fire      0%         6-21      36%         3
 Frozen Ramparts          Ice            0%         1d2       36%         3
 Ignite Poison            Fire/Tmut/Pois 0%         N/A       36%         3
 Fulminant Prism          Conj/Hex       0%         3d6       75%         4
 Hailstorm                Conj/Ice       0%         3d3       75%         4
 Sticky Flame             Conj/Fire      0%         2d3       75%         4
 Blade Hands              Tmut           0%         N/A       97%         5
 Irradiate                Conj/Tmut      0%         3d13      97%         5
 Dragon Form              Tmut           0%         N/A       100%        7


Dungeon Overview and Level Annotations

Branches:
Dungeon (10/15)            Temple (1/1) D:6            Lair (0/6) D:9
    Orc: D:9-12

Altars:
Ashenzari
Cheibriados
Dithmenos
Elyvilon
Fedhas
Gozag
Hepliaklqana
Kikubaaqudgha
Makhleb
Nemelex Xobeh
Okawaru
Qazlal
Ru
Sif Muna
Trog
Uskayaw
Vehumet
Wu Jian
Xom
Yredelemnul
Zin
The Shining One

Shops:
D:2 [   D:6 [*=([(

Annotations:
D:4 Edmund
D:5 3 runed translucent doors, Armakuni's ghost, novice HuWn; Lochraine's ghost, novice MfIE; sanka's ghost, amateur NaAE; theswoord's ghost, novice DsGl
D:10 Urug


Innate Abilities, Weirdness & Mutations

You are too large for most types of armour.
You have tough skin. (AC +1)


Message History

You throw a poisoned dart. The poisoned dart hits Urug!
Urug looks as sick as possible!
Urug throws a javelin.
The javelin pierces through you!
Throw: 3 large rocks
Press: ? - help, Q - select action, (/) - cycle Shift-Dir - straight line, f/p - Urug
Aim: Urug, wielding a +2 broad axe of electrocution, wearing a +0 ring mail and quivering javelins (extremely poisoned, 62% to hit)
You throw a large rock. The large rock barely misses Urug.
Urug throws a javelin.
The javelin completely misses you.
Throw: 2 large rocks
Press: ? - help, Q - select action, (/) - cycle Shift-Dir - straight line, f/p - Urug
Aim: Urug, wielding a +2 broad axe of electrocution, wearing a +0 ring mail and quivering javelins (lightly wounded, extremely poisoned, 62% to hit)
You throw a large rock.
The large rock hits Urug but does no damage.
Urug is lightly wounded.
Throw: large rock
Press: ? - help, Q - select action, (/) - cycle Shift-Dir - straight line, f/p - Urug
Aim: Urug, wielding a +2 broad axe of electrocution, wearing a +0 ring mail and quivering javelins (lightly wounded, extremely poisoned, 62% to hit)
You throw a large rock. The large rock closely misses Urug.
Throw: throwing net
Press: ? - help, Q - select action, (/) - cycle Shift-Dir - straight line, f/p - Urug
Aim: Urug, wielding a +2 broad axe of electrocution, wearing a +0 ring mail and quivering javelins (lightly wounded, very poisoned, 62% to hit)
You throw a throwing net. The throwing net barely misses Urug.
You closely miss Urug.
Urug is lightly wounded.
Urug hits you with a +2 broad axe of electrocution.
You closely miss Urug.
Urug is moderately wounded.
The sentinel's mark upon you fades away.
Urug complains loudly, as Orcs often do.
Urug barely misses you.
Urug hits you with a +2 broad axe of electrocution!!
You barely miss Urug.
Urug is moderately wounded.
Urug hits you with a +2 broad axe of electrocution!!
You impale Urug!!
Urug looks as sick as possible!
Urug is heavily wounded.
Urug hits you with a +2 broad axe of electrocution!
* * * LOW HITPOINT WARNING * * *
Urug hits you with a +2 broad axe of electrocution!!
You die...

#...#...#####.......#
###................## ##
#.....#...##.....## ...#
#.#...............# ...#
#####.#...###.#.......##...#
...<..............†........#
##.....######.##...........
####...... #..........#...
##.###..##..@......#... .#
#...o....(# .. ..
#.......(....# ..#
###......(........ ...
##......(..#.##.
#.!.....(.#.# #........(..#
............. ..)##.#####.##


You could see Urug (extremely poisoned).

Vanquished Creatures
  A two-headed ogre (D:9)
  An ugly thing (D:8)
  A troll (D:8)
  A vampire mosquito (D:8)
  4 steam dragons
  An acid dragon (D:10)
  2 water moccasins
  4 orc warriors
  2 sky beasts
  An ice beast (D:6)
  2 black bears (D:7)
  3 necrophages
  5 ogres
  2 centaurs
  2 phantoms
  2 kobold brigands
  A gnoll sergeant (D:9)
  A scorpion (D:6)
  A wyvern zombie (D:8)
  A water moccasin skeleton (D:6)
  3 wights (D:9)
  An electric eel (D:8)
  4 howler monkeys
  4 centaur zombies
  3 hounds
  2 orc priests
  A bullfrog skeleton (D:6)
  2 jellies
  2 centaur skeletons
  An iguana (D:6)
  3 orc wizards
  A killer bee zombie (D:5)
  A hound skeleton (D:4)
  8 gnolls
  4 adders
  2 shadow imps (D:6)
  A white imp (D:7)
  2 ufetubi
  13 orcs
  3 bats
  6 endoplasms
  2 giant cockroaches
  4 hobgoblins
  4 jackals
  15 kobolds
  7 ball pythons
  4 frilled lizards
  7 goblins
  2 rats
150 creatures vanquished.

Vanquished Creatures (others)
  2 withered plants (D:5)
2 creatures vanquished.

Grand Total: 152 creatures vanquished

Notes
Turn   | Place    | Note
-------+----------+-------------------------------------------
     0 | D:1      | Gwenloh the Ogre Hunter began the quest for the Orb.
     0 | D:1      | Reached XP level 1. HP: 22/22 MP: 1/1
   470 | D:1      | Reached XP level 2. HP: 22/29 MP: 2/2
  1278 | D:2      | Found Bokont's Antique Armour Shoppe.
  1396 | D:2      | Reached skill level 5 in Throwing
  1396 | D:2      | Reached XP level 3. HP: 36/36 MP: 3/3
  1908 | D:3      | Reached XP level 4. HP: 45/45 MP: 4/4
  2465 | D:4      | Noticed a phantom
  2482 | D:4      | Killed a phantom
  2483 | D:4      | Reached XP level 5. HP: 45/55 MP: 5/5
  2707 | D:4      | Noticed Edmund
  2742 | D:3      | Reached skill level 5 in Fighting
  2752 | D:4      | Reached XP level 6. HP: 62/66 MP: 6/6
  3380 | D:5      | Entered Level 5 of the Dungeon
  3424 | D:5      | Identified the ring of Iczileef {Wiz Contam +Blink rElec
                  | Str-5 Stlth+}
  3534 | D:5      | Found a runed translucent gate.
  3534 | D:5      | Found a runed translucent gate.
  3535 | D:5      | Found a runed translucent gate.
  3611 | D:5      | Reached XP level 7. HP: 76/76 MP: 7/7
  3648 | D:5      | Noticed theswoord's ghost (novice DsGl)
  3649 | D:5      | Noticed Armakuni's ghost (novice HuWn)
  3649 | D:5      | Noticed Lochraine's ghost (novice MfIE)
  3649 | D:5      | Noticed sanka's ghost (amateur NaAE)
  3737 | D:5      | Found a white marble altar of Elyvilon.
  4151 | D:6      | Noticed a steam dragon
  4162 | D:6      | Reached skill level 1 in Maces & Flails
  4162 | D:6      | Reached XP level 8. HP: 83/88 MP: 8/8
  4471 | D:6      | Found a staircase to the Ecumenical Temple.
  4623 | Temple   | Entered the Ecumenical Temple
  4918 | Temple   | Became a worshipper of Zin the Law-Giver
  4918 | Temple   | Reached * piety under Zin
  5546 | D:6      | Found Xougoas's Armour Boutique.
  5548 | D:6      | Found Enaelu's Jewellery Shop.
  5549 | D:6      | Found Giozic's Antique Weapon Emporium.
  5549 | D:6      | Found Sythybb's Weapon Shoppe.
  5550 | D:6      | Found Gesh's Assorted Antiques.
  5550 | D:6      | Found Ikhil's Armour Boutique.
  6064 | D:7      | Reached XP level 9. HP: 92/97 MP: 9/9
  6112 | D:7      | Reached skill level 1 in Invocations
  6442 | D:7      | Reached ** piety under Zin
  7067 | D:7      | Reached skill level 5 in Maces & Flails
  8087 | D:8      | Reached *** piety under Zin
  8210 | D:8      | Noticed a troll
  8215 | D:8      | Killed a troll
  8216 | D:8      | Reached skill level 10 in Throwing
  8216 | D:8      | Reached XP level 10. HP: 86/109 MP: 12/12
  8265 | D:8      | Noticed a brown ugly thing
  8554 | D:8      | Killed a brown ugly thing
  8963 | D:8      | Reached skill level 10 in Fighting
  8985 | D:9      | Noticed a two-headed ogre
  8997 | D:9      | Killed a two-headed ogre
  9516 | D:9      | Found a staircase to the Lair.
  9648 | D:9      | Reached **** piety under Zin
  9783 | D:10     | Entered Level 10 of the Dungeon
  9811 | D:10     | Noticed Urug
  9958 | D:10     | Slain by Urug

Illustrated notes

Levels and vault maps discovered:
D:1:      evilmike_arrival_plus, layout_loops_corners
D:2:      layout_basic, serial_shops, nicolae_shop_statue_plus
D:3:      layout_basic
D:4:      layout_rooms, dk_noncrumbling_3, uniq_edmund
D:5:      layout_rooms, elyvilon_altar_1, gammafunk_ghost_cemetery,
          chequers_serial_rivers_small_3, hangedman_decor_lopped
D:6:      layout_basic, minmay_temple_entry_ruins, nicolae_wooded_promenade
D:7:      layout_rooms, serial_glass, glass_columns_a, glass_columns_b,
          glass_columns_a, glass_columns_a, glass_columns_a, glass_columns_a,
          feat_on_display, due_unseen_surprise, minmay_strange_pillars,
          item_on_display_a, hex_intersection
D:8:      minmay_cornered_nines, layout_rooms, lightli_minifort
D:9:      layout_loops_cross, dpeg_oklobed_lair, corexii_leaking_fountain,
          minmay_misc_feat_enclosed, minmay_misc_feat_secret_circle,
          chequers_serial_rivers_micro_d
D:10:     kennysheep_blocky_room, layout_rooms, uniq_urug
Temple:   nicolae_temple_the_god_donut

Skill      XL: |  1  2  3  4  5  6  7  8  9 10 |
---------------+-------------------------------+-----
Throwing       | 5 6 7 8 10 | 10.7
Fighting       | 3 4 5 6 7 8 9 10 | 10.3
Maces & Flails | 1 4 6 7 |  7.1
Invocations    | 3 4 |  4.8
Dodging        | |  1.7
Stealth        | |  0.6

Action                   |  1- 3 |  4- 6 |  7- 9 | 10-12 || total
-------------------------+-------+-------+-------+-------++-------
Melee: Short sword       |    45 |       |       |       ||    45
       Rapier            |    11 |    31 |    10 |       ||    52
       Whip              |     6 |       |       |       ||     6
       Giant spiked club |       |       |   102 |    52 ||   154
Throw: Stone             |    42 |    61 |   146 |    33 ||   282
       Large rock        |     6 |    12 |    14 |     9 ||    41
       Throwing net      |     3 |     1 |       |     1 ||     5
       Dart              |       |     7 |     7 |    15 ||    29
Invok: Vitalisation      |       |       |     2 |     3 ||     5
       Recite            |       |       |     1 |     4 ||     5
  Use: Scroll            |       |     2 |    12 |     2 ||    16
 Stab: Distracted        |       |       |     1 |       ||     1
       Confused          |       |       |       |     2 ||     2
       Sleeping          |       |       |       |     1 ||     1
Armor: Robe              |    27 |    11 |    37 |    14 ||    89
Dodge: Dodged            |    31 |    17 |    79 |    26 ||   153
Block: Other             |    10 |     7 |    44 |    10 ||    71
       Reflection        |     1 |       |     3 |     1 ||     5
